 Dungeon Crawl Stone Soup version 0.22.1-1-ga44c0e5 (webtiles) character file.

361 Folque the Sneak (level 6, -4/39 HPs)
             Began as an Octopode Wizard on Sept 28, 2018.
             Slain by an iguana (11 damage)
             ... on level 4 of the Dungeon on Sept 29, 2018.
             The game lasted 00:18:51 (4859 turns).

Folque the Sneak (Octopode Wizard)                  Turns: 4859, Time: 00:18:52

Health: -4/39      AC:  1    Str:  6    XL:     6   Next: 66%
Magic:  6/12       EV: 13    Int: 23    God:
Gold:   139        SH:  0    Dex: 10    Spells: 1/14 levels left

rFire    . . .     SeeInvis .   e - +0 hunting sling
rCold    . . .     Gourm    .   (no shield)
rNeg     . . .     Faith    .   a - +0 hat
rPois    .         Spirit   .   (no amulet)
rElec    .         Reflect  .   (no ring)
rCorr    .         Harm     .   (no ring)
MR       .....                  (no ring)
Stlth    ++++......             (no ring)
HPRegen  0.13/turn              (no ring)
MPRegen  0.13/turn              (no ring)
                                (no ring)
                                (no ring)

@: no status effects
A: almost no armour, stealthy swim, amphibious, 8 rings, constrict 8, camouflage
1, gelatinous body 1
a: no special abilities


You were on level 4 of the Dungeon.
You were very hungry.

You visited 1 branch of the dungeon, and saw 4 of its levels.

You collected 139 gold pieces.

Inventory:

Hand Weapons
 e - a +0 hunting sling (weapon)
 f - a +0 dagger
 w - a +0 rapier
Missiles
 b - 10 poisoned needles
 o - 108 stones
 p - 41 sling bullets (quivered)
 r - 8 tomahawks
Armour
 a - a +0 hat (worn)
 g - a +0 buckler
Jewellery
 d - an uncursed ring of magical power {unknown}
 t - an uncursed ring of ice {unknown}
 v - an uncursed ring of protection from magic {unknown}
Scrolls
 h - a scroll of teleportation {unknown}
 i - a scroll of magic mapping {unknown}
 j - a scroll of amnesia
 l - 3 scrolls of identify {unknown}
 q - a scroll of immolation {unknown}
 s - a scroll of enchant weapon {unknown}
Potions
 k - a potion of brilliance
 m - a potion of mutation {unknown}
 n - a potion of agility {unknown}
 u - 2 potions of might {unknown}
 x - a potion of curing {unknown}
Comestibles
 c - 5 rations


   Skills:
 - Level 2.0 Fighting
 - Level 2.0 Dodging
 + Level 4.9 Stealth
 * Level 4.5 Spellcasting
 * Level 2.2 Conjurations
 - Level 1.0 Summonings
 - Level 1.0 Translocations
 - Level 1.0 Air Magic
 - Level 3.1 Poison Magic


You had one spell level left.
You knew the following spells:

 Your Spells              Type           Power        Failure   Level  Hunger
a - Magic Dart            Conj           ###.         4%          1    None
b - Call Imp              Summ           #.......     10%         2    None
c - Blink                 Tloc           N/A          10%         2    None
d - Mephitic Cloud        Conj/Pois/Air  ###.....     12%         3    ##.....
e - Conjure Flame         Conj/Fire      ##......     19%         3    ##.....
f - Slow                  Hex            #.......     16%         2    None

Your spell library contained the following spells:

 Spells                   Type           Power        Failure   Level  Hunger


Dungeon Overview and Level Annotations

Branches:
Dungeon (4/15)
 Temple: D:4-7

Altars:
Gozag
Hepliaklqana
Nemelex Xobeh
Qazlal
Trog
Wu Jian
The Shining One


Innate Abilities, Weirdness & Mutations

You cannot wear most types of armour.
You are very stealthy in the water. (Stealth+)
You are amphibious.
You can wear up to eight rings at the same time.
You can use your tentacles to constrict eight enemies at once.
Your skin changes colour to match your surroundings (Stealth+).
Your rubbery body absorbs attacks. (AC +1, EV +1)


Message History

Your crimson imp blinks!
Firing (i - inventory. (/) - cycle)
p - 43 sling bullets (quivered)
Press: ? - help, Shift-Dir - straight line, f - gnoll, p - iguana
Aim: a gnoll, wielding a club (moderately wounded, confused)
You shoot a sling bullet.
The sling bullet hits the iguana but does no damage.
The iguana is almost dead.
Firing (i - inventory. (/) - cycle)
p - 42 sling bullets (quivered)
Press: ? - help, Shift-Dir - straight line, f/p - gnoll
Aim: a gnoll, wielding a club (moderately wounded, confused)
You shoot a sling bullet.
The sling bullet hits the iguana but does no damage.
The iguana is almost dead.
You are feeling very hungry.
The iguana bites you!
* * * LOW HITPOINT WARNING * * *
Your crimson imp barely misses the iguana.
The gnoll gestures wildly.
The iguana bites you!
You die...

.....# #...# #.# ####.#######
#...# #.# #..........# #...#
########.## #.##.#.###.# #.g.#
#.......... #.##.#.###.# #...#
#.####...##
...#....##.####.(.#####.####...##
#..#)#..#.......(......P........#
...#...........5l..............#.
........#.......@...............#
...#.##########...#####...P......
####.# #...# ###.###.### #.#
#...# #.# #.# #.# #...# #.###.#
#)# ####### ##.....### #.# ##_##
_ #......... ## #.#####8.%.8 ..8
#.##...### .###....##.....
...#####.##...###


You could see an iguana, a gnoll (confused) and a friendly crimson imp.

Vanquished Creatures
  A phantom (D:4)
  A scorpion (D:4)
  A centaur zombie (D:4)
  A hound (D:4)
  A bullfrog zombie (D:4)
  A hound skeleton (D:4)
  A worker ant zombie (D:4)
  Robin (D:3)
  A gnoll (D:4)
  2 oozes
  2 worms
  3 dart slugs
  2 leopard geckos
  An orc (D:3)
  8 bats
  3 giant cockroaches
  8 goblins
  3 hobgoblins
  2 jackals (D:1)
  5 kobolds
  4 quokkas
  A ball python zombie (D:4)
  6 frilled lizards
  4 rats
63 creatures vanquished.

Vanquished Creatures (collateral kills)
  A centaur skeleton (D:4)
  A worker ant (D:4)
  A hound zombie (D:4)
  2 adders
  A worm (D:2)
  2 bats
  2 hobgoblins (D:3)
  A kobold (D:3)
  6 goblins
  A leopard gecko zombie (D:4)
18 creatures vanquished.

Grand Total: 81 creatures vanquished

Notes
Turn   | Place    | Note
-------+----------+-------------------------------------------
     0 | D:1      | Folque the Octopode Wizard began the quest for the Orb.
     0 | D:1      | Reached XP level 1. HP: 11/11 MP: 4/4
   603 | D:1      | Reached skill level 1 in Fighting
   603 | D:1      | Reached XP level 2. HP: 18/18 MP: 6/6
   792 | D:1      | Learned a level 2 spell: Call Imp
   795 | D:1      | Learned a level 2 spell: Blink
   891 | D:1      | Reached XP level 3. HP: 10/24 MP: 5/7
   899 | D:1      | Learned a level 3 spell: Mephitic Cloud
  2034 | D:2      | Reached skill level 1 in Poison Magic
  2526 | D:2      | Reached XP level 4. HP: 12/29 MP: 1/8
  2881 | D:3      | Reached skill level 1 in Air Magic
  2903 | D:3      | Noticed Robin
  3257 | D:3      | Killed Robin
  3408 | D:3      | Found an ornate altar of the Wu Jian Council.
  3446 | D:3      | Found a hazy altar of Hepliaklqana.
  3447 | D:3      | Found a sparkling altar of Nemelex Xobeh.
  3679 | D:4      | Noticed a phantom
  3717 | D:3      | HP: 1/29 [poisoned by a worker ant]
  4054 | D:4      | Reached XP level 5. HP: 34/34 MP: 4/10
  4099 | D:4      | Found an opulent altar of Gozag.
  4099 | D:4      | Found a bloodstained altar of Trog.
  4297 | D:4      | Reached XP level 6. HP: 9/39 MP: 4/12
  4576 | D:4      | Found a stormy altar of Qazlal.
  4578 | D:4      | Found a glowing golden altar of the Shining One.
  4687 | D:4      | Killed a phantom
  4692 | D:4      | Learned a level 3 spell: Conjure Flame
  4695 | D:4      | Learned a level 2 spell: Slow
  4859 | D:4      | Slain by an iguana

Skill      XL: |  1  2  3  4  5  6 |
---------------+-------------------+-----
Fighting       | 1 2 |  2.0
Poison Magic   | 1 2 3 |  3.1
Conjurations   | 2 |  2.2
Stealth        | 3 4 |  4.9
Air Magic      | 1 |  1.0
Spellcasting   | 4 |  4.5
Dodging        | |  2.0
Summonings     | |  1.0
Translocations | |  1.0

Action                   |  1- 3 |  4- 6 || total
-------------------------+-------+-------++-------
Melee: Unarmed           |    24 |       ||    24
       Constrict         |    28 |    13 ||    41
       Tentacles         |    14 |    10 ||    24
       Dagger            |    85 |    22 ||   107
       Rapier            |       |    33 ||    33
 Fire: Hunting sling     |    22 |    59 ||    81
 Cast: Magic Dart        |    18 |     5 ||    23
       Call Imp          |     5 |    26 ||    31
       Blink             |       |     3 ||     3
       Mephitic Cloud    |       |     3 ||     3
       Slow              |       |     1 ||     1
  Use: Potion            |       |     2 ||     2
       Scroll            |       |     1 ||     1
 Stab: Sleeping          |    10 |     5 ||    15
       Distracted        |       |     2 ||     2
  Eat: Chunk             |     4 |     8 ||    12
Armor: Skin              |    23 |    11 ||    34
Dodge: Dodged            |    81 |    58 ||   139
